General information
- name: BNet
- type: Ladder team game (AT/RT)
- host: Battle.net
- saver: Diocletian
map: GolemsInTheMist
- players: 8
- length: 25:39
- speed: Fast
- version: 1.26 W3XP
- replay type: Public
» download(144 KB)
Players
team 1 (winner)

»
ialwayslag (
yellow | 45 APM | 1153 actions | 25:39)
7 Paladin
3 Holy Light
3 Divine Shield
1 Resurrection
» actions
| Assign group hotkey | 23 | |
| Basic commands | 40 | |
| Build / train | 63 | |
| Enter build submenu | 28 | |
| Enter hero's abilities submenu | 7 | |
| Remove unit from queue | 1 | |
| Right click | 338 | |
| Select / deselect | 277 | |
| Select group hotkey | 301 | |
| Use ability | 75 | |
1153 total
» units
| Peasant | 15 | |
| Footman | 15 | |
| Rifleman | 3 | |
| Dragonhawk Rider | 1 | |
| Wisp | 3 | |
| Gryphon Rider | 3 | |
40 total
» upgrades
| Defend | 1 | |
| Gunpowder | 1 | |
| Swords | 2 | |
| Armor | 2 | |
| Cloud | 1 | |
| Storm Hammers | 1 | |
| Lumber Harvesting | 1 | |
9 total
» buildings
| Altar of Kings | 1 | |
| Farm | 12 | |
| Barracks | 2 | |
| Keep | 3 | |
| Castle | 1 | |
| Lumber Mill | 1 | |
| Gryphon Aviary | 4 | |
| Arcane Vault | 1 | |
| Town Hall | 1 | |
| Blacksmith | 1 | |
| Scout Tower | 2 | |
| Guard Tower | 1 | |
30 total
» build order
00:09 Altar of Kings
00:34 Farm
00:52 Barracks
01:15 Farm
01:35 Barracks
01:51 Farm
02:28 Farm
03:48 Farm
05:14 Farm
05:23 Keep
08:44 Castle
08:52 Lumber Mill
10:22 Gryphon Aviary
10:24 Gryphon Aviary
12:19 Arcane Vault
14:07 Town Hall
16:08 Keep
16:09 Keep
16:11 Blacksmith
17:40 Scout Tower
17:42 Scout Tower
17:48 Farm
17:53 Farm
19:10 Guard Tower
19:12 Farm
19:14 Castle
19:16 Gryphon Aviary
19:19 Gryphon Aviary
21:41 Farm
21:42 Farm
22:30 Farm

»
kland (
teal | 39 APM | 1004 actions | 25:39)
7 Keeper of the Grove
3 Force of Nature
1 Entangling Roots
2 Thorns Aura
1 Tranquility
» actions
| Basic commands | 106 | |
| Build / train | 87 | |
| Enter build submenu | 20 | |
| Enter hero's abilities submenu | 8 | |
| Remove unit from queue | 1 | |
| Right click | 412 | |
| Select / deselect | 297 | |
| Use ability | 73 | |
1004 total
» units
| Wisp | 13 | |
| Archer | 31 | |
| Hippogryph | 15 | |
| Glaive Thrower | 8 | |
67 total
» upgrades
| Strength of the Moon | 2 | |
| Moon Armor | 2 | |
| Strength of the Wild | 1 | |
| Improved Bows | 1 | |
| Reinforced Hides | 1 | |
| Hippogryph Taming | 1 | |
8 total
» buildings
| Moon Well | 9 | |
| Altar of Elders | 1 | |
| Ancient of War | 1 | |
| Hunter's Hall | 1 | |
| Ancient Protector | 1 | |
| Tree of Ages | 1 | |
| Ancient of Wind | 2 | |
| Tree of Eternity | 1 | |
| Tree of Life | 2 | |
19 total
» build order
00:22 Moon Well
00:54 Altar of Elders
01:03 Ancient of War
01:33 Moon Well
02:18 Hunter's Hall
02:32 Moon Well
03:30 Ancient Protector
04:48 Tree of Ages
04:57 Moon Well
06:19 Moon Well
07:59 Ancient of Wind
08:03 Ancient of Wind
08:14 Moon Well
08:52 Moon Well
14:50 Moon Well
14:51 Tree of Eternity
15:00 Tree of Life
17:41 Tree of Life
22:59 Moon Well

»
GeneralOverton (
blue | 28 APM | 731 actions | 25:39)
5 Paladin
3 Devotion Aura
2 Holy Light
» actions
| Assign group hotkey | 14 | |
| Basic commands | 27 | |
| Build / train | 85 | |
| Enter build submenu | 22 | |
| Enter hero's abilities submenu | 6 | |
| Right click | 197 | |
| Select / deselect | 221 | |
| Select group hotkey | 85 | |
| Use ability | 74 | |
731 total
» units
| Peasant | 19 | |
| Footman | 21 | |
| Knight | 4 | |
| Wisp | 5 | |
| Huntress | 6 | |
55 total
» upgrades
| Defend | 1 | |
| Masonry | 2 | |
| Lumber Harvesting | 1 | |
| Animal War Training | 1 | |
| Swords | 2 | |
| Plating | 2 | |
9 total
» buildings
| Farm | 11 | |
| Scout Tower | 17 | |
| Barracks | 2 | |
| Altar of Kings | 1 | |
| Arcane Tower | 3 | |
| Lumber Mill | 1 | |
| Keep | 1 | |
| Guard Tower | 10 | |
| Castle | 1 | |
| Blacksmith | 1 | |
| Town Hall | 1 | |
49 total
» build order
00:12 Farm
00:14 Scout Tower
00:58 Barracks
01:06 Altar of Kings
02:16 Farm
02:23 Farm
02:24 Farm
03:00 Farm
03:08 Farm
03:46 Arcane Tower
04:07 Farm
04:11 Scout Tower
05:14 Barracks
05:20 Scout Tower
05:22 Arcane Tower
08:22 Arcane Tower
09:21 Lumber Mill
10:59 Keep
11:17 Farm
11:18 Farm
11:19 Farm
11:20 Farm
12:05 Scout Tower
12:06 Scout Tower
12:07 Scout Tower
12:21 Scout Tower
12:23 Scout Tower
12:24 Scout Tower
12:26 Scout Tower
12:28 Scout Tower
12:41 Guard Tower
12:41 Guard Tower
13:13 Guard Tower
13:51 Guard Tower
14:42 Scout Tower
14:43 Scout Tower
14:45 Scout Tower
14:59 Castle
15:02 Guard Tower
15:07 Guard Tower
16:58 Guard Tower
17:07 Blacksmith
17:44 Guard Tower
17:47 Guard Tower
17:52 Town Hall
24:19 Scout Tower
24:21 Scout Tower
24:23 Scout Tower
x9o5-AnOn (
pink | 31 APM | 337 actions | 10:50)
2 Keeper of the Grove
1 Entangling Roots
1 Force of Nature
» actions
| Build / train | 31 | |
| Enter build submenu | 18 | |
| Enter hero's abilities submenu | 2 | |
| Remove unit from queue | 2 | |
| Right click | 110 | |
| Select / deselect | 151 | |
| Use ability | 23 | |
337 total
» units
| Wisp | 9 | |
| Huntress | 13 | |
| Glaive Thrower | 1 | |
23 total
» upgrades
| Strength of the Moon | 1 | |
| Moon Armor | 1 | |
2 total
» buildings
| Hunter's Hall | 1 | |
| Moon Well | 7 | |
| Altar of Elders | 1 | |
| Ancient of War | 2 | |
| Ancient of Wonders | 1 | |
| Tree of Ages | 1 | |
13 total
» build order
00:15 Hunter's Hall
00:39 Moon Well
01:14 Altar of Elders
01:44 Ancient of War
02:23 Ancient of War
02:31 Moon Well
03:34 Moon Well
04:57 Ancient of Wonders
05:29 Moon Well
06:10 Moon Well
08:42 Tree of Ages
08:45 Moon Well
08:52 Moon Well
team 2 (loser)

»
Diocletian (
red | 99 APM | 2545 actions | 25:39)
6 Death Knight
3 Death Coil
3 Unholy Aura
3 Lich
2 Frost Nova
1 Frost Armor
» actions
| Assign group hotkey | 59 | |
| Basic commands | 68 | |
| Build / train | 95 | |
| Enter build submenu | 15 | |
| Enter hero's abilities submenu | 9 | |
| Give item / drop item | 3 | |
| Right click | 1228 | |
| Select / deselect | 400 | |
| Select group hotkey | 523 | |
| Use ability | 145 | |
2545 total
» units
| Acolyte | 2 | |
| Ghoul | 7 | |
| Crypt Fiend | 18 | |
| Goblin Shredder | 2 | |
| Obsidian Statue | 1 | |
| Frost Wyrm | 3 | |
| Goblin Zeppelin | 1 | |
34 total
» upgrades
| Creature Attack | 3 | |
| Creature Carapace | 3 | |
| Burrow | 1 | |
| Web | 1 | |
| Destroyer Form | 1 | |
9 total
» buildings
| Graveyard | 1 | |
| Crypt | 1 | |
| Altar of Darkness | 1 | |
| Ziggurat | 5 | |
| Tomb of Relics | 1 | |
| Nerubian Tower | 4 | |
| Halls of the Dead | 1 | |
| Spirit Tower | 9 | |
| Black Citadel | 3 | |
| Slaughterhouse | 1 | |
| Sacrificial Pit | 1 | |
| Boneyard | 1 | |
29 total
» build order
00:13 Graveyard
00:20 Crypt
00:43 Altar of Darkness
00:59 Ziggurat
01:20 Tomb of Relics
01:57 Ziggurat
03:02 Nerubian Tower
03:02 Nerubian Tower
03:03 Nerubian Tower
04:26 Ziggurat
04:46 Halls of the Dead
07:17 Spirit Tower
07:18 Spirit Tower
08:07 Black Citadel
08:08 Black Citadel
08:08 Black Citadel
08:47 Slaughterhouse
09:10 Ziggurat
11:50 Sacrificial Pit
11:59 Spirit Tower
11:59 Spirit Tower
12:23 Ziggurat
12:48 Boneyard
14:29 Spirit Tower
14:30 Spirit Tower
14:30 Spirit Tower
» items
| Rod of Necromancy | 5 | |
| Healing Salve | 1 | |
| Potion of Healing | 5 | |
| Lesser Clarity Potion | 1 | |
| Scroll of Town Portal | 3 | |
15 total
terror99 (
green | 34 APM | 395 actions | 11:39)
3 Mountain King
2 Storm Bolt
1 Bash
» actions
| Assign group hotkey | 6 | |
| Build / train | 30 | |
| Enter build submenu | 15 | |
| Enter hero's abilities submenu | 4 | |
| Right click | 165 | |
| Select / deselect | 116 | |
| Select group hotkey | 31 | |
| Use ability | 28 | |
395 total
» units
| Peasant | 8 | |
| Footman | 6 | |
| Rifleman | 4 | |
18 total
» buildings
| Altar of Kings | 1 | |
| Barracks | 1 | |
| Farm | 5 | |
| Lumber Mill | 1 | |
| Scout Tower | 4 | |
| Arcane Tower | 2 | |
| Arcane Vault | 1 | |
| Guard Tower | 2 | |
| Blacksmith | 1 | |
| Keep | 1 | |
19 total
» build order
00:20 Altar of Kings
00:41 Barracks
00:53 Farm
01:07 Farm
01:42 Lumber Mill
01:51 Scout Tower
02:23 Arcane Tower
02:35 Farm
02:52 Scout Tower
03:19 Arcane Vault
03:33 Guard Tower
03:42 Blacksmith
04:23 Farm
04:45 Scout Tower
04:47 Keep
05:13 Scout Tower
05:20 Guard Tower
05:44 Arcane Tower
05:49 Farm
» items
| Potion of Healing | 2 | |
| Potion of Mana | 1 | |
3 total
Irran (
purple | 43 APM | 1062 actions | 24:45)
4 Blademaster
2 Critical Strike
2 Wind Walk
» actions
| Assign group hotkey | 19 | |
| Basic commands | 2 | |
| Build / train | 46 | |
| ESC pressed | 7 | |
| Enter build submenu | 39 | |
| Enter hero's abilities submenu | 4 | |
| Give item / drop item | 3 | |
| Remove unit from queue | 2 | |
| Right click | 533 | |
| Select / deselect | 242 | |
| Select group hotkey | 90 | |
| Use ability | 75 | |
1062 total
» units
| Peon | 15 | |
| Wind Rider | 1 | |
| Troll Batrider | 6 | |
22 total
» upgrades
» buildings
| Altar of Storms | 4 | |
| Orc Burrow | 8 | |
| Voodoo Lounge | 2 | |
| War Mill | 3 | |
| Stronghold | 2 | |
| Fortress | 2 | |
| Beastiary | 2 | |
| Watch Tower | 5 | |
| Great Hall | 3 | |
31 total
» build order
00:05 Altar of Storms
00:08 Orc Burrow
00:11 Altar of Storms
01:13 Voodoo Lounge
01:53 Orc Burrow
02:41 War Mill
02:44 Stronghold
03:10 Orc Burrow
04:36 Orc Burrow
05:09 Fortress
05:09 Fortress
05:13 Beastiary
05:14 Beastiary
05:43 Orc Burrow
06:19 Watch Tower
06:20 Watch Tower
07:17 Watch Tower
12:25 War Mill
12:32 Great Hall
12:35 Orc Burrow
12:37 Altar of Storms
12:41 Orc Burrow
13:25 Great Hall
15:39 War Mill
17:34 Stronghold
19:39 Watch Tower
20:59 Orc Burrow
21:02 Altar of Storms
21:20 Voodoo Lounge
21:25 Watch Tower
22:08 Great Hall
» items
| Healing Salve | 2 | |
| Lesser Clarity Potion | 1 | |
| Scroll of Speed | 1 | |
| Orb of Lightning | 1 | |
| Potion of Healing | 6 | |
| Rod of Necromancy | 1 | |
12 total
wht_scorpion (
orange | 23 APM | 572 actions | 24:41)
4 Lich
2 Frost Nova
2 Frost Armor
» actions
| Build / train | 148 | |
| Enter build submenu | 17 | |
| Enter hero's abilities submenu | 4 | |
| Remove unit from queue | 2 | |
| Right click | 138 | |
| Select / deselect | 234 | |
| Use ability | 29 | |
572 total
» units
| Acolyte | 3 | |
| Ghoul | 37 | |
| Crypt Fiend | 9 | |
| Goblin Zeppelin | 1 | |
| Gargoyle | 59 | |
109 total
» upgrades
| Cannibalize | 1 | |
| Unholy Armor | 2 | |
| Unholy Strength | 2 | |
| Creature Carapace | 3 | |
| Creature Attack | 2 | |
| Web | 1 | |
| Burrow | 1 | |
12 total
» buildings
| Ziggurat | 6 | |
| Altar of Darkness | 1 | |
| Crypt | 2 | |
| Graveyard | 1 | |
| Tomb of Relics | 1 | |
| Halls of the Dead | 1 | |
| Spirit Tower | 12 | |
| Nerubian Tower | 1 | |
| Slaughterhouse | 3 | |
28 total
» build order
00:24 Ziggurat
00:31 Altar of Darkness
01:03 Crypt
01:14 Crypt
01:38 Graveyard
01:56 Ziggurat
02:42 Tomb of Relics
03:12 Ziggurat
08:02 Ziggurat
08:20 Halls of the Dead
09:24 Ziggurat
09:46 Ziggurat
13:27 Spirit Tower
13:40 Spirit Tower
13:40 Spirit Tower
13:54 Spirit Tower
13:55 Spirit Tower
13:55 Spirit Tower
14:09 Spirit Tower
14:24 Spirit Tower
14:25 Spirit Tower
15:53 Nerubian Tower
18:25 Slaughterhouse
21:34 Slaughterhouse
21:49 Slaughterhouse
Chat log
(00:20 / Allies) Irran: plan?
(00:31 / Allies) Irran: how about a rush?
(00:38 / Allies) Irran: mas ghouls for red and oj
(00:45 / Allies) Irran: green get rifles
(00:46 / Allies) Diocletian: shut the fuck up
(00:53 / Allies) Irran: and I get headhunters
(01:28 / Allies) Irran: ok
(01:34 / Allies) Irran: so do whatever u want
(01:38 / Allies) Diocletian: kk
(06:40 / Allies) terror99: b
(08:46 / Allies) terror99: noob?
(08:54 / All) GeneralOverton: gg
(08:56 / Allies) Diocletian: My base isn't dead
(09:21 / Allies) terror99: my base wase protected. but cant beat 4 army
(09:38 / Allies) Diocletian: I see, whatever noob
(10:16 / Allies) Diocletian: tp to purp if they tp
(17:10 / Allies) Irran: lol
(17:18 / Allies) Diocletian: nice
(21:16 / Allies) wht_scorpion: purple go to shop
(22:53 / Allies) Diocletian: wtf
(23:00 / Allies) Irran: dont waste units
(24:43 / All) GeneralOverton: gg
(24:47 / All) ialwayslag: gg
(24:55 / All) Diocletian: How did it take you this long to win a 2v4?
(25:13 / All) ialwayslag: how is it a 2v4
(25:17 / All) Diocletian: You killed two of us very early
(25:20 / All) Diocletian: and took years to end it
(25:23 / All) Diocletian: just wondering why ooc